 Dungeon Sprint DCSS version 0.23.2-30-g0e89c35649 (webtiles) character file.

Game seed: 3175251358283054716

1493 Kobolds4U the Carver (level 8, -5/83 HPs)
             Began as a Minotaur Fighter on June 10, 2019.
             Was a Believer of Okawaru.
             Slain by a demonic crawler (8 damage)
             ... in the Dungeon (Sprint I: "Red Sonja").
             The game lasted 00:04:57 (491 turns).

Kobolds4U the Carver (Minotaur Fighter)              Turns: 491, Time: 00:04:57

Health: -5/83      AC:  9    Str: 20    XL:     8   Next: 51%
Magic:  6/7        EV:  9    Int:  5    God:    Okawaru [**....]
Gold:   405        SH:  9    Dex: 13    Spells: 7/7 levels left

rFire    . . .     SeeInvis .   a - +0 long sword
rCold    . . .     Gourm    .   c - +0 shield
rNeg     . . .     Faith    .   b - +0 scale mail
rPois    .         Spirit   .   (helmet restricted)
rElec    .         Reflect  .   (no cloak)
rCorr    .         Harm     .   (no gloves)
MR       .....     NoTele   +   (no boots)
Stlth    ..........             (no amulet)
HPRegen  0.23/turn              (no ring)
MPRegen  0.10/turn              (no ring)

@: no status effects
A: retaliatory headbutt, horns 2
a: Heroism, Renounce Religion


You were in the Dungeon.
You worshipped Okawaru.
Okawaru was pleased with you.
You were not hungry.

You visited 1 branch You collected 405 gold pieces.

Inventory:

Hand Weapons
 a - a +0 long sword (weapon)
Armour
 b - a +0 scale mail (worn)
 c - a +0 shield (worn)
Scrolls
 k - a scroll of blinking
 l - a scroll of random uselessness {unknown}
 m - a scroll of remove curse {unknown}
Potions
 e - a potion of curing
 g - a potion of heal wounds
 h - a potion of haste
 i - 2 potions of magic
 j - a potion of berserk rage
Comestibles
 f - a ration


   Skills:
 + Level 12.2 Fighting
 - Level 14.3 Long Blades
 - Level 12.2 Armour
 * Level 3.7 Dodging
 - Level 3.6 Shields


You had 7 spell levels left.
You didn't know any spells.
Your spell library was empty.

Dungeon Overview and Level Annotations

Branches:
Dungeon (1/1)

Altars:
Cheibriados
Dithmenos
Elyvilon
Fedhas
Gozag
Hepliaklqana
Kikubaaqudgha
Makhleb
Nemelex Xobeh
Okawaru
Qazlal
Ru
Sif Muna
Trog
Uskayaw
Vehumet
Wu Jian
Xom
Yredelemnul
Zin
The Shining One
Jiyva
Lugonu

Shops:
D }


Innate Abilities, Weirdness & Mutations

You reflexively headbutt those who attack you in melee.
You have a pair of horns on your head.


Message History

The demonic crawler is almost dead.
You block the demonic crawler's attack.
The demonic crawler hits you but does no damage.
The demonic crawler hits you.
* * * LOW HITPOINT WARNING * * *
The demonic crawler hits you!
* * * LOW HITPOINT WARNING * * *
The demonic crawler hits you but does no damage. x2
You hit the demonic crawler but do no damage.
You headbutt the demonic crawler.
The demonic crawler is almost dead.
The demonic crawler closely misses you. You furiously retaliate!
You headbutt the demonic crawler.
You riposte.
You hit the demonic crawler but do no damage.
The demonic crawler is almost dead.
The demonic crawler misses you. You block the demonic crawler's attack.
The demonic crawler hits you!
* * * LOW HITPOINT WARNING * * *
The demonic crawler hits you!
You die...

#####################
.)..#..'..#__#..@ss.#
.#..').#..'..'..#s..##+#
###'#####'#__####...'..#
##..#...#)#### #####..+
_####..##.# ##
____##'#_.+ .∩...'..._#
..__##_.#'# ____###+#.#


You could see 3 demonic crawlers.

Vanquished Creatures
  2 kobold demonologists (D)
  A demonic crawler (D)
  A slime creature (D)
  Sigmund (D)
  A yak (D)
  A floating eye (D)
  An ogre (D)
  A jelly (D)
  Ijyb (D)
10 creatures vanquished.

Notes
Turn   | Place    | Note
-------+----------+-------------------------------------------
     0 | D        | Kobolds4U the Minotaur Fighter began the quest for the Orb.
     0 | D        | Reached XP level 1. HP: 19/19 MP: 0/0
     1 | D        | Noticed Ijyb
    26 | D        | Killed Ijyb
    26 | D        | Reached skill level 5 in Fighting
    26 | D        | Reached skill level 5 in Long Blades
    26 | D        | Reached skill level 5 in Armour
    26 | D        | Reached XP level 2. HP: 21/29 MP: 1/1
   111 | D        | Noticed an ogre
   114 | D        | Killed an ogre
   114 | D        | Reached skill level 8 in Long Blades
   114 | D        | Reached XP level 3. HP: 35/38 MP: 2/2
   114 | D        | Reached XP level 4. HP: 42/45 MP: 3/3
   118 | D        | Noticed Sigmund
   122 | D        | Killed Sigmund
   122 | D        | Reached skill level 10 in Long Blades
   122 | D        | Reached XP level 5. HP: 53/55 MP: 4/4
   122 | D        | Reached XP level 6. HP: 60/62 MP: 5/5
   131 | D        | Found a deep blue altar of Sif Muna.
   132 | D        | Found an ornate altar of the Wu Jian Council.
   133 | D        | Found a radiant altar of Vehumet.
   135 | D        | Reached skill level 11 in Long Blades
   140 | D        | Found Bocait's Gadget Emporium.
   140 | D        | Found an ancient bone altar of Kikubaaqudgha.
   140 | D        | Found a hazy altar of Hepliaklqana.
   140 | D        | Found a stormy altar of Qazlal.
   140 | D        | Found a hide-covered altar of Uskayaw.
   140 | D        | Found a blossoming altar of Fedhas.
   140 | D        | Found a bloodstained altar of Trog.
   140 | D        | Found an iron altar of Okawaru.
   140 | D        | Found a basalt altar of Yredelemnul.
   140 | D        | Found a glowing golden altar of the Shining One.
   140 | D        | Found a snail-covered altar of Cheibriados.
   140 | D        | Found a sacrificial altar of Ru.
   140 | D        | Found a glowing silver altar of Zin.
   140 | D        | Found a shadowy altar of Dithmenos.
   140 | D        | Found a white marble altar of Elyvilon.
   140 | D        | Noticed a yak
   143 | D        | Killed a yak
   143 | D        | Reached skill level 12 in Long Blades
   155 | D        | Found an opulent altar of Gozag.
   156 | D        | Found a sparkling altar of Nemelex Xobeh.
   161 | D        | Became a worshipper of Warmaster Okawaru
   258 | D        | Found a burning altar of Makhleb.
   258 | D        | Found a viscous altar of Jiyva.
   258 | D        | Found a shimmering altar of Xom.
   258 | D        | Found a corrupted altar of Lugonu.
   258 | D        | Noticed a slime creature
   265 | D        | Killed a slime creature
   265 | D        | Reached skill level 10 in Fighting
   265 | D        | Reached skill level 13 in Long Blades
   265 | D        | Reached skill level 10 in Armour
   265 | D        | Reached XP level 7. HP: 48/72 MP: 6/6
   384 | D        | Noticed a kobold demonologist
   385 | D        | Noticed a kobold demonologist
   387 | D        | Noticed a ynoxinul
   390 | D        | Reached * piety under Okawaru
   398 | D        | Noticed a hellwing
   399 | D        | Noticed a ynoxinul
   399 | D        | Killed a kobold demonologist
   399 | D        | Reached skill level 14 in Long Blades
   399 | D        | Reached XP level 8. HP: 73/82 MP: 7/7
   410 | D        | Killed a kobold demonologist
   410 | D        | Reached ** piety under Okawaru
   472 | D        | Noticed a demonic crawler
   472 | D        | Noticed a demonic crawler
   472 | D        | Noticed a demonic crawler
   472 | D        | Noticed a demonic crawler
   482 | D        | Killed a demonic crawler
   491 | D        | HP: 3/83 [demonic crawler (7)]
   491 | D        | Slain by a demonic crawler

Skill      XL: |  1  2  3  4  5  6  7  8 |
---------------+-------------------------+-----
Fighting       | 5 6 8 10 11 12 | 12.2
Long Blades    | 5 8 10 13 14 | 14.3
Armour         | 5 6 8 10 11 12 | 12.2
Dodging        | 3 |  3.7
Shields        | |  3.6

Action                   |  1- 3 |  4- 6 |  7- 9 || total
-------------------------+-------+-------+-------++-------
Melee: Long sword        |    26 |    13 |    39 ||    78
       Headbutt          |     4 |     7 |    15 ||    26
Invok: Heroism           |       |       |     1 ||     1
  Use: Potion            |     1 |       |       ||     1
Armor: Scale mail        |     8 |     2 |    29 ||    39
Dodge: Dodged            |     4 |     1 |    34 ||    39
Block: Shield            |     8 |     4 |    38 ||    50
       Rpst.: Long sword |     2 |     1 |     6 ||     9
